cohdb
Replays
Latest Replays
All Replays
Popular Replays
Top Player Replays
Match Explorer
How It Works
Community
CoH3 Stats
Reddit
Sign in to upload your games and track your stats! →
Sign in with Steam
Match 41310404
Unlisted
Match 41310404
Overview
Messages
Build Orders
End
Kradschützen Motorcycle Team
Selects Armored Support Battlegroup
Panzergrenadier Squad
250 Light Carrier
Panzergrenadier Squad
Construct Light Support Kompanie
Selects Superior Fire Drills
Panzerjäger Squad
Construct Mechanized Kompanie
Selects Salvage Kits
Assault Mechanized Group
Support Armor Elements
deadsadbadmad
Fist full of love
0
0
Comments
sign in to comment!
No comments posted yet!